Cogmind - Beta 16 @@@ ROGUE MODE // 2025.10.30 @ 23:15:04 Player: Senbatale Result: Destroyed by T3-2UM(p) with EM Pulse Gun Performance ------------- Evolutions (0) 0 Regions Visited (3) 600 Robots Destroyed (30) 150 Value Destroyed (823) 823 Prototype IDs (6) 120 Alien Tech Used (0) 0 Bonus (800) 800 TOTAL SCORE: 2493 Bonus ------- Registered with UFD 300 Met Optimus in HQ 500 Cogmind --------- Core Integrity 0/250 Matter 290/300 Energy 134/140 System Corruption 1% Temperature Cool (10) Movement Rolling (95) Ox1 Location -9/Scraptown Parts ------- > --- POWER (1) -------- Light Deuterium Engine > --- PROPULSION (2) --- Wheel > --- UTILITY (2) ------ Medium Storage Unit Makeshift Light Armor Plating > --- WEAPON (2) ------- (None) > --- INVENTORY (10) --- Scrap Suit Signal Interpreter Seismic Detector ECM Suite Makeshift Hacking Suite Overtuned Beamcaster Peak State ------------ > --- POWER ------------ Fission Core > --- PROPULSION ------- Light Treads Armored Treads > --- UTILITY ---------- Scrap Suit > --- WEAPON ----------- Flak Cannon CPS Tube > --- INVENTORY -------- Wheel Hacking Suite Assault Rifle [Rating: 23] Favorites ----------- Power Fission Core Engine Light Ion Engine Power Core Fission Core Propulsion Light Treads Treads Light Treads Wheel Wheel Utility Medium Storage Unit Device Seismic Detector Storage Medium Storage Unit Processor Core Analyzer Protection Light Armor Plating Weapon Assault Rifle Energy Gun Overtuned Beamcaster Ballistic Gun Assault Rifle Ballistic Cannon Flak Cannon Launcher Grenade Launcher Special Weapon CPS Tube Impact Weapon Hammer Build | -11 -10 -10 -9 ------- Run | Yrd Mat Sub Scr Slots Evolved . | . . . . Power . | . . . . Propulsion . | . . . . Utility . | . . . . Weapon . | . . . . Parts Attached 34 | 8 7 3 16 Power 5 | 1 1 . 3 Engine 4 | 1 1 . 2 Core 1 | . . . 1 Reactor . | . . . . Propulsion 8 | 2 2 . 4 Treads 6 | . 2 . 4 Leg . | . . . . Wheel 2 | 2 . . . Hover . | . . . . Flight . | . . . . Utility 9 | 3 1 1 4 Device 3 | 2 . . 1 Storage 2 | 1 1 . . Processor 1 | . . . 1 Hackware . | . . . . Protection 3 | . . 1 2 Artifact . | . . . . Weapon 12 | 2 3 2 5 Energy Gun 2 | 1 . . 1 Energy Cannon . | . . . . Ballistic Gun 4 | 1 1 1 1 Ballistic Cannon 1 | . . . 1 Launcher 3 | . 1 1 1 Special Weapon 1 | . . . 1 Impact Weapon 1 | . 1 . . Slashing Weapon . | . . . . Piercing Weapon . | . . . . Special Melee Weapon . | . . . . Unidentified Prototypes . | . . . . Parts Lost 9 | . 2 . 7 Power 2 | . 1 . 1 Propulsion 3 | . . . 3 Utility 1 | . . . 1 Weapon 3 | . 1 . 2 Highest Loss Streak 4 | . 2 . 4 To Critical Strikes . | . . . . Average Backups 9 | 4 9 10 9 Power . | . . . . Propulsion 2 | 2 3 3 1 Utility 3 | . 2 3 4 Weapon 3 | . 4 3 2 Tool/Special . | . . . . Unused Backups 15 | 1 3 . 11 Power 4 | 1 . . 3 Propulsion 1 | . . . 1 Utility 8 | . 1 . 7 Weapon 2 | . 2 . . Tool/Special . | . . . . Average Slot Usage (%) 88 | . 97 100 83 Engine 5 | . 12 14 1 Core 7 | . . . 12 Treads 27 | . 27 28 28 Device 4 | . 14 5 . Storage 13 | . 14 14 13 Protection 9 | . . 8 13 Energy Gun 1 | . 1 . 1 Ballistic Gun 7 | . 16 16 1 Ballistic Cannon 2 | . . . 4 Launcher 3 | . 7 11 . Special Weapon 2 | . . . 4 Peak Build Rating 23 | 9 8 8 23 Average Rating 12 | 6 7 8 15 On Entrance 5 | . 7 8 8 Avg Prop Armor Cover (%) 10 | . . . 10 Naked Turns . | . . . . Heaviest Build 35 | 13 19 21 35 Greatest Support 40 | 20 40 40 40 Greatest Overweight (x) 6 | . . . 6 Average Overweight (x) . | . . . . Largest Inventory Capacity 10 | 8 10 10 10 Average Capacity 9 | 7 9 10 9 Most Carried 10 | 7 10 10 10 Average Carried 9 | 4 9 10 9 Final Capacity 10 | 8 10 10 10 Final Carried 10 | 7 10 10 7 Scrap Suit Usage (%) 1 | . . . 1 Class Distribution -------------------- 98% | Mutant Dominant Class ---------------- Mutant | -10/Materials Mutant | -10/Subcaves Mutant | -9/Scraptown Resources | -11 -10 -10 -9 ----------- Run | Yrd Mat Sub Scr Matter Collected 1103 | 338 173 101 491 Remotely . | . . . . Salvage Created 820 | 119 246 39 416 Parts 75 | 17 26 3 29 Haulers Intercepted . | . . . . Recyclers Shooed 1 | . 1 . . Parts Field Recycled . | . . . . Retrieved Matter . | . . . . Parts Self-Destructed 2 | . . 2 . Prevented . | . . . . Parts Restored . | . . . . Kills | -11 -10 -10 -9 ------- Run | Yrd Mat Sub Scr Combat Hostiles Destroyed 21 | . 9 3 9 Guns 4 | . 2 . 2 AOE 17 | . 7 3 7 Classes Destroyed 9 | 1 4 1 3 Builder 2 | . 2 . . Tunneler 6 | 6 . . . Watcher 1 | . 1 . . Swarmer 6 | . 6 . . Grunt 3 | . 3 . . Subdweller 3 | . . 3 . Ranger 1 | . . . 1 Guru 2 | . . . 2 Scrapper 5 | . . . 5 Thug 1 | . . . 1 Best Kill Streak 9 | 3 4 2 9 Combat Bots Only 9 | . 3 2 9 Max Kills in Single Turn 3 | 1 3 1 2 Gunslinging . | . . . . Exploded 3 | . 3 1 2 Melee . | . . . . Uniques/NPCs Destroyed . | . . . . Combat | -11 -10 -10 -9 -------- Run | Yrd Mat Sub Scr Hostile Shots Fired 152 | . 26 11 115 Missed 48 | . 11 7 30 Hits 104 | . 15 4 85 Projectile 104 | . 15 4 85 Critical Strikes 7 | . 1 . 6 Damage Taken 1685 | 1 292 79 1313 Core 259 | . 46 . 213 Absorbed by Shields . | . . . . Core Remaining (%) 100 | 100 . . . Volleys Fired 65 | 25 17 7 16 Largest 2 | 1 2 2 2 Hottest 73 | 20 60 50 73 Shots Fired 85 | 25 30 14 16 Gun 69 | 25 26 7 11 Cannon . | . . . . Launcher 16 | . 4 7 5 Special . | . . . . Kinetic 64 | 25 21 7 11 Thermal . | . . . . Explosive 16 | . 4 7 5 Electromagnetic 5 | . 5 . . Robot Hit Streak 9 | 8 4 9 5 Robot Miss Streak 4 | 3 4 1 1 Penetration Max . | . . . . Secondary Targets . | . . . . Shots Hit Robots 57 | 18 14 13 12 Core Hits 44 | 6 15 3 20 Critical Kills . | . . . . Critical Parts Destroyed . | . . . . Critical Strikes . | . . . . Melee Attacks 9 | . 5 4 . Impact 9 | . 5 4 . Slashing . | . . . . Piercing . | . . . . Sneak Attacks . | . . . . Combat Hostiles . | . . . . Follow-up Attacks . | . . . . Damage Inflicted 2566 | 234 601 475 1256 Guns 604 | 232 150 76 146 Cannons . | . . . . Explosions 1960 | . 451 399 1110 Melee . | . . . . Ramming 2 | 2 . . . Kinetic 570 | 232 116 76 146 Thermal 79 | . 79 . . Explosive 1881 | . 372 399 1110 Electromagnetic 34 | . 34 . . Impact . | . . . . Slashing . | . . . . Piercing . | . . . . Highest Corruption . | . . . . Average Corruption . | . . . . Corruption Purged . | . . . . Corruption Blocked . | . . . . Overload Shots . | . . . . Overflow Damage 198 | . 45 . 153 Projectiles . | . . . . Explosions 198 | . 45 . 153 Melee . | . . . . Knockbacks . | . . . . Impact . | . . . . Kinetic . | . . . . Secondary . | . . . . Self-Inflicted Damage 221 | 1 136 . 84 Shots 5 | . 3 . 2 Rammed 1 | 1 . . . Targets Rammed 1 | 1 . . . Kicked . | . . . . Crushed . | . . . . Highest Temperature 167 | . 18 . 167 Average Temperature 83 | . 7 . 93 Received Heat Transfer 719 | . 78 . 641 Siege Activations . | . . . . Martial Activations . | . . . . Shielding Activations . | . . . . Robots Disrupted . | . . . . Combat Hostiles . | . . . . Robots Corrupted . | . . . . Combat Hostiles . | . . . . Parts Fried . | . . . . Impact Corruptions . | . . . . Robots Melted . | . . . . Combat Hostiles . | . . . . Parts Melted 3 | . 1 . 2 Heat Transferred 100 | . 100 . . Parts Sabotaged . | . . . . Parts Stolen . | . . . . Parts Stripped . | . . . . Power Chain Reactions 1 | . 1 . . Alert | -11 -10 -10 -9 ------- Run | Yrd Mat Sub Scr Maximum Alert Level 1 | . 1 . . Low Security (%) 83 | 100 79 . . Level 1 16 | . 20 . . Level 2 . | . . . . Level 3 . | . . . . Level 4 . | . . . . Level 5 . | . . . . High Security . | . . . . Max Security . | . . . . Peak Influence 257 | 10 257 . . Initial . | . . . . Average 95 | 1 115 . . Influence Increases 451 | 30 421 . . Destroy 0b10 Robot/C 180 | . 180 . . Destroy 0b10 Robot/NC 45 | 30 15 . . Destroy Leader 42 | . 42 . . Successful Hack 11 | . 11 . . Disable Machine 60 | . 60 . . Destroy Structure 53 | . 53 . . Lose Combat Pursuer 60 | . 60 . . Influence Decreases 451 | 30 421 . . Time Decay 431 | 30 401 . . Lost Part 20 | . 20 . . Squads Dispatched 1 | . 1 . . Investigation . | . . . . Extermination . | . . . . Reinforcement 1 | . 1 . . Assault . | . . . . Garrison . | . . . . Intercept . | . . . . Searches Triggered . | . . . . Construction Impeded . | . . . . Haulers Reinforced . | . . . . Active Scanning Responses . | . . . . Cargo Convoy Interrupts . | . . . . Stealth | -11 -10 -10 -9 --------- Run | Yrd Mat Sub Scr Distress Signals 1 | . 1 . . Communications Jammed . | . . . . Distress Signals . | . . . . Times Spotted 51 | . 14 3 34 Peak Tracking Total 13 | . 5 2 13 Tactical Retreats 3 | . 2 . 1 Traps | -11 -10 -10 -9 ------- Run | Yrd Mat Sub Scr Traps Triggered 1 | . 1 . . Indirectly . | . . . . Trap Hack Attempts . | . . . . Triggered . | . . . . Disarmed . | . . . . Reprogrammed . | . . . . Reused . | . . . . Traps Extracted . | . . . . Installed . | . . . . Triggered . | . . . . Machines | -11 -10 -10 -9 ---------- Run | Yrd Mat Sub Scr Machines Disabled 5 | . 4 . 1 Max in Single Turn 2 | . 2 . 1 Machines Repaired . | . . . . Machines Dismantled . | . . . . Machines Sabotaged . | . . . . Overloaded Fab Kills . | . . . . Hacking | -11 -10 -10 -9 --------- Run | Yrd Mat Sub Scr Machines Accessed 9 | . 2 . 7 Terminals 2 | . 2 . . Fabricators . | . . . . Repair Stations . | . . . . Recycling Units . | . . . . Scanalyzers . | . . . . Garrison Access . | . . . . Total Hacks 46 | . 5 . 41 Successful 46 | . 5 . 41 Failed . | . . . . Catastrophic . | . . . . Database Lockouts . | . . . . Manual 5 | . 5 . . Terminals 5 | . 5 . . Fabricators . | . . . . Repair Stations . | . . . . Recycling Units . | . . . . Scanalyzers . | . . . . Garrison Access . | . . . . Terminal Hacks 41 | . . . 41 Record 40 | . . . 40 Proto ID Catalog 1 | . . . 1 Fabricator Hacks . | . . . . Repair Station Hacks . | . . . . Recycling Unit Hacks . | . . . . Scanalyzer . | . . . . Garrison Access Hacks . | . . . . Unauthorized Hacks 5 | . 5 . . Terminals 5 | . 5 . . Botnet 2 | . 2 . . Operators 1 | . 1 . . Skim 2 | . 2 . . Fabricators . | . . . . Repair Stations . | . . . . Recycling Units . | . . . . Scanalyzers . | . . . . Garrison Access . | . . . . Data Cores Recovered . | . . . . Used . | . . . . Hacking Detections 1 | . 1 . . Full Trace Events . | . . . . Feedback Events . | . . . . Feedback Blocked . | . . . . Robot Schematics Acquired . | . . . . Robots Built . | . . . . Authchips . | . . . . Time . | . . . . Total Robot Build Rating . | . . . . Part Schematics Acquired . | . . . . Parts Built . | . . . . Authchips . | . . . . Time . | . . . . Total Part Build Rating . | . . . . Part Studies Acquired . | . . . . Parts Repaired . | . . . . Time . | . . . . Parts Recycled . | . . . . Recycled Matter . | . . . . Retrieved Matter . | . . . . Retrieved Components . | . . . . Parts Scanalyzed . | . . . . Part Schematics Acquired . | . . . . Parts Damaged . | . . . . Bothacking | -11 -10 -10 -9 ------------ Run | Yrd Mat Sub Scr Used RIF Installer . | . . . . Robots Hacked . | . . . . Non-combat . | . . . . Combat . | . . . . Robot Hacks Applied . | . . . . Relay Couplers Released . | . . . . Fabnet Peak Effective % . | . . . . Robots Rewired . | . . . . Allies Hacked . | . . . . Hacks Repelled . | . . . . Allies | -11 -10 -10 -9 -------- Run | Yrd Mat Sub Scr Total Allies . | . . . . Largest Group . | . . . . Highest-Rated Group . | . . . . Highest-Rated Ally . | . . . . Total Orders . | . . . . Ally Attacks . | . . . . Total Damage . | . . . . Kills . | . . . . Allies Corrupted . | . . . . Allies Melted 4 | . . . 4 Intel | -11 -10 -10 -9 ------- Run | Yrd Mat Sub Scr Active Infowar (turns) 1339 | 87 1050 202 . Terrain 81 | 81 . . . Seismic 1258 | 6 1050 202 . Robot Analysis Total . | . . . . Derelict Logs Recovered 1 | . . . 1 Drone Launches . | . . . . Drone Recoveries . | . . . . Exploration | -11 -10 -10 -9 ------------- Run | Yrd Mat Sub Scr Turns Passed 4617 | 227 1050 546 2794 Spaces Moved 2573 | 185 439 308 1641 Core 3 | 1 . . 2 Treads 2366 | . 419 308 1639 Legs . | . . . . Wheels 204 | 184 20 . . Hover . | . . . . Flight . | . . . . Fastest Speed 50 | 50 80 160 155 Average Speed 156 | 79 156 160 164 Slowest Speed 350 | 80 160 160 350 Overloaded Moves . | . . . . Propulsion Burnouts . | . . . . Robots Hopped . | . . . . Potential Cave-ins . | . . . . Cave-ins Triggered . | . . . . Exploration Rate (%) 42 | 4 57 26 84 Regions Visited 3 Branch Regions 2 Pre-discovered Areas 2 | . . 1 1 Known Exits Taken . | . . . . Unknown Exits Taken 3 | 1 1 1 . Scrap Searched 10 | . . . 10 Spaces Dug 3 | . 3 . . Terrain Destroyed 97 | . 61 13 23 Melee 3 | . 3 . . Projectile . | . . . . AOE 94 | . 58 13 23 Terrain Rammed . | . . . . Walls Destroyed . | . . . . Machines Disabled . | . . . . Actions | -11 -10 -10 -9 --------- Run | Yrd Mat Sub Scr Total 3069 | 236 764 339 1730 Wait 307 | 9 281 15 2 Move 2570 | 184 438 307 1641 Hop . | . . . . Pick Up 38 | 7 8 1 22 Fast Attach 15 | 8 1 . 6 Attach 10 | . 4 . 6 Detach 6 | 1 2 . 3 Swap 16 | . 4 4 8 Drop 32 | 1 4 1 26 Fire 65 | 25 17 7 16 Melee 9 | . 5 4 . Ram 1 | 1 . . . Kick . | . . . . Crush . | . . . . Escape Stasis . | . . . . Rewire . | . . . . Trap . | . . . . Miscellaneous . | . . . . Route ------- -11/Scrapyard -10/Materials (discovered 3 exits: [*Mat] / [*Min] / [*Sub]) -10/Subcaves -9/Scraptown (discovered 2 exits: *Fac x2) History --------- Turn | Location | Event 33 | -11/Scrapyard | Discovered new exit (range 16) 228 | -11/Scrapyard | Entered Materials 324 | -10/Materials | Build established: Mutant 790 | -10/Materials | Discovered new exit (range 14) 1082 | -10/Materials | Discovered new exit (range 16) 1256 | -10/Materials | Discovered new exit (range 6) 1278 | -10/Materials | Entered Subcaves 1279 | -10/Subcaves | Approached by a straggling Scientist 1690 | -10/Subcaves | Learned location of Zion (-7) 1690 | -10/Subcaves | Met a Zionite searching for "candidates" 1824 | -10/Subcaves | Entered Scraptown 2309 | -9/Scraptown | Discovered new exit (range 9) 2614 | -9/Scraptown | Visited Assassins FH 2818 | -9/Scraptown | Scanned Subdweller tech in exchange for log data 2823 | -9/Scraptown | Learned location of 1 exit from Research 2988 | -9/Scraptown | Visited SPCMW 3056 | -9/Scraptown | Visited Bundlers 3513 | -9/Scraptown | Visited UFD Registry 3513 | -9/Scraptown | Registered with UFD as "Protonnuts" 3591 | -9/Scraptown | Visited Scrap Suit Storage 3622 | -9/Scraptown | Found Scrap Suit 3669 | -9/Scraptown | Found Scrap Suit 3730 | -9/Scraptown | Visited LU-1G1's Boring Crew 3815 | -9/Scraptown | Visited Abandonware Association 3830 | -9/Scraptown | Learned abandonware demo "OVRCLOCK.EXE" 3844 | -9/Scraptown | Learned abandonware demo "REPAIR.EXE" 3880 | -9/Scraptown | Visited Modified Component R&D 3975 | -9/Scraptown | Visited Junk Repository 4005 | -9/Scraptown | Visited Research Penetration Think Tank 4074 | -9/Scraptown | Met Optimus 4074 | -9/Scraptown | Accepted into 0bPrime 4229 | -9/Scraptown | Visited Supply Room 4281 | -9/Scraptown | Visited Science Guys 4315 | -9/Scraptown | Civil war broke out across Scraptown 4409 | -9/Scraptown | Lost 5 allies 4478 | -9/Scraptown | Identified exit to Factory 4502 | -9/Scraptown | Lost 4 allies 4537 | -9/Scraptown | Core integrity fell below 50% 4556 | -9/Scraptown | Core integrity fell below 20% 4576 | -9/Scraptown | Lost 4 parts (1p1n1u1w) 4579 | -9/Scraptown | Destroyed 9 combat bots 4618 | -9/Scraptown | Destroyed by T3-2UM(p) with EM Pulse Gun Last Messages --------------- 04581_ Ovr. Barrage Gun destroyed. 04586_ 35-QJJ(j) switches sides: "I hope I'm right about this..." 04587_ Ovr. Treads recovered from malfunction. 04589_ Acquired 33 matter. 04592_ Acquired 10 matter. 04592_ The unstable cave ceiling collapses. 04593_ Dropped Ovr. Treads. 04596_ Slug penetrates Q4-2WT(j). 04601_ 35-QJJ(j) destroyed. 04607_ Q4-2WT(j) suffers critical hit (Destroy). 04607_ Q4-2WT(j) destroyed. 04607_ Slug penetrates YE-35B(g). 04610_ Ovr. Treads suddenly begins malfunctioning. 04612_ Slug penetrates T3-2UM(p). 04612_ Slug penetrates Wall. 04614_ Ovr. Treads destroyed. 04615_ Arm. Treads destroyed. 04618_ X0-0YJ(j) heat damages Ovr. Pulse Rifle. Map ----- +----------------------------------------------------+ | ?????????????????????????????????????????????????? | | ?????????????????????????????????????????????????? | | ?????????????????????????????????????????????????? | | ?????????????????????????????????????????????????? | | ??????????????????????????????????????????????